 Dungeon Crawl Stone Soup version 0.30-a0-55-g90e3122c3a (webtiles) character file.

Game seed: 3148806510722854143

273062 ytrimaz the Severer (level 19, -10/164 (166) HPs)
             Began as a Demonspawn Gladiator on Sept 9, 2022.
             Was a High Priest of Okawaru.
             Killed from afar by a deep elf zephyrmancer (36 damage)
             ... with a bolt of lightning
             ... on level 2 of the Elven Halls.
             The game lasted 01:10:55 (46441 turns).

ytrimaz the Severer (Demonspawn Gladiator)         Turns: 46441, Time: 01:10:55

HP:   -10/164 (166) AC: 43    Str: 24    XL:     19   Next: 49%
MP:   28/28         EV:  6    Int: 11    God:    Okawaru [*****.]
Gold: 2505          SH: 16    Dex: 15    Spells: 18/18 levels left

rFire   . . .      SeeInvis +    T - +8 mithril axe "Arga" {speed, Will+}
rCold   + . .      Faith    .    a - +0 kite shield {AC+3}
rNeg    . . .      Spirit   .    C - +2 crystal plate armour
rPois   +          Reflect  +    (helmet unavailable)
rElec   .          Harm     .    l - +2 cloak {rCorr}
rCorr   +          Rampage  .    D - +2 pair of gloves {Str+3}
Will    ++...                    W - +2 pair of boots {Stlth+}
Stlth   ..........               F - amulet of reflection
HPRegen 0.37/turn                q - ring of protection from cold
MPRegen 0.21/turn                g - ring of poison resistance

@: finesse-ful, studying Throwing, lightly drained
A: antennae 3, rugged brown scales 2, icemail 1, powered by pain 3, condensation
shield
}: 2/15 runes: decaying, gossamer
a: Renounce Religion, Heroism, Finesse, Duel


You were on level 2 of the Elven Halls.
You worshipped Okawaru.
Okawaru was extremely pleased with you.
You visited 6 branches of the dungeon, and saw 32 of its levels.
You visited the Abyss 2 times.
You also visited: Gauntlet and Volcano.

You collected 3478 gold pieces.
You spent 973 gold pieces at shops.


Innate Abilities, Weirdness & Mutations

You have a pair of large antennae on your head. (SInv)
You are mostly covered in rugged brown scales. (AC +2, +5% HP)
A meltable icy envelope protects you from harm. (AC +0)
You are powered by pain.
A meltable shield of frost defends you. (SH +0)


   Skills:
 + Level 16.8 Fighting
 - Level 18.0 Axes
 - Level 10.0 Throwing
 - Level 18.0 Armour
 - Level 2.9 Dodging
 + Level 10.0 Shields
 - Level 12.0 Invocations


You had 18 spell levels left.
You didn't know any spells.
Your spell library contained the following spells:

 Spells                   Type           Power      Damage    Failure   Level
 Beastly Appendage        Tmut           0%         N/A       100%        1
 Ensorcelled Hibernation  Hex/Ice        0%         N/A       100%        2
 Passwall                 Tmut/Erth      0%         N/A       100%        2
 Scorch                   Fire           0%         2d5       100%        2
 Wereblood                Tmut           0%         N/A       100%        2
 Gell's Gravitas          Tloc           0%         N/A       100%        3
 Lesser Beckoning         Tloc           0%         N/A       100%        3
 Spider Form              Tmut/Pois      0%         N/A       100%        3
 Stone Arrow              Conj/Erth      0%         3d7       100%        3
 Swiftness                Air            0%         N/A       100%        3
 Teleport Other           Tloc           0%         N/A       100%        3
 Flame Wave               Conj/Fire      0%         2d4       100%        4
 Leda's Liquefaction      Hex/Erth       0%         N/A       100%        4
 Fireball                 Conj/Fire      0%         3d3       100%        5
 Iskenderun's Battlesphe  Conj           0%         2d6       100%        5
 Lee's Rapid Deconstruct  Erth           0%         3d5*      100%        5
 Conjure Ball Lightning   Conj/Air       0%         3x3d6     100%        6
 Eringya's Noxious Bog    Tmut/Pois      0%         N/A       100%        6
 Statue Form              Tmut/Erth      0%         N/A       100%        6
 Orb of Destruction       Conj           0%         9d5       100%        7
 Borgnjor's Revivificati  Necr           0%         N/A       100%        8
 Lehudib's Crystal Spear  Conj/Erth      0%         10d2      100%        8
 Necromutation            Tmut/Necr      0%         N/A       100%        8
 Death's Door             Necr           0%         N/A       100%        9
 Animate Armour           Summ/Erth      Unusable   N/A       N/A         4
 Summon Forest            Summ/Tloc      Unusable   N/A       N/A         5
 Summon Cactus Giant      Summ           Unusable   N/A       N/A         6
 Summon Hydra             Summ           Unusable   N/A       N/A         7

Inventory:

Hand Weapons
 k - the +2 battleaxe of Mixticy {speed, Str+7}
   (Okawaru gifted it to you on level 4 of the Spider Nest)

   Attacks with this weapon are significantly faster.
   Str:       It affects your strength (+7).
 m - a +4 broad axe of flaming
   (Okawaru gifted it to you on level 14 of the Dungeon)
 t - a +6 executioner's axe of venom
   (Okawaru gifted it to you on level 1 of the Swamp)
 T - the +8 mithril axe "Arga" (weapon) {speed, Will+}
   (You found it in a Gauntlet)

   Attacks with this weapon are significantly faster.
   Will:      It increases your willpower.
Missiles
 d - 6 throwing nets
 e - 9 javelins (quivered)
 u - 3 boomerangs
 J - 28 poisoned darts
 Q - 4 boomerangs of dispersal
 R - 7 silver javelins
Armour
 a - a +0 kite shield of protection (worn)
   (You took it off a tengu warrior on level 14 of the Dungeon)
 l - a +2 cloak of preservation (worn)
   (You found it on level 3 of the Spider Nest)
 v - +2 fire dragon scales
   (Okawaru gifted it to you on level 3 of the Lair of Beasts)
 C - a +2 crystal plate armour (worn)
   (You found it on level 1 of the Lair of Beasts)
 D - a +2 pair of gloves of strength (worn)
   (You found it on level 6 of the Dungeon)
 K - a +1 tower shield of reflection
   (You took it off a skeletal warrior on level 14 of the Dungeon)
 W - a +2 pair of boots of stealth (worn)
   (You found it in a Gauntlet)
Jewellery
 g - a ring of poison resistance (right hand)
   (You took it off an orc on level 3 of the Dungeon)
 p - a ring of flight
   (You found it on level 1 of the Swamp)
 q - a ring of protection from cold (left hand)
   (You acquired it on level 1 of the Swamp)
 r - an amulet of guardian spirit
   (You found it on level 2 of the Dungeon)
 y - a ring of magical power
   (You found it on level 1 of the Spider Nest)
 F - an amulet of reflection (around neck)
   (You found it on level 4 of the Swamp)
Wands
 w - a wand of mindburst (31)
   (You found it on level 4 of the Dungeon)
 A - a wand of iceblast (26)
   (You found it on level 5 of the Dungeon)
 E - a wand of quicksilver (21)
   (You found it on level 8 of the Dungeon)
 H - a wand of paralysis (22)
   (You took it off Erolcha on level 9 of the Dungeon)
 I - a wand of flame (20)
   (You found it on level 2 of the Lair of Beasts)
 X - a wand of polymorph (11)
   (You found it on level 3 of the Lair of Beasts)
Scrolls
 c - 7 scrolls of blinking
 h - 2 scrolls of noise
 i - 7 scrolls of fear
 j - 5 scrolls of magic mapping
 o - 15 scrolls of teleportation
 x - a scroll of enchant weapon
 G - 3 scrolls of amnesia
 N - 4 scrolls of brand weapon
 U - a scroll of poison
Potions
 b - 3 potions of resistance
 f - 21 potions of curing
 n - 7 potions of heal wounds
 s - 5 potions of lignification
 z - 6 potions of mutation
 B - 3 potions of magic
 L - 3 potions of might
 M - 2 potions of invisibility
 O - 3 potions of cancellation
 P - 8 potions of haste
 S - 6 potions of ambrosia
 Z - 3 potions of berserk rage

Dungeon Overview and Level Annotations

Branches:
Dungeon (15/15) Zot: 25463  Temple (0/1) D:6            Lair (5/5) D:9 Zot: 24119
  Swamp (4/4) Lair:3 Zot: 17767  Spider (4/4) Lair:2 Zot: 16944     Orc (2/2) D:9 Zot: 10364
    Elf (2/3) Orc:2 Zot: 10218  Depths (0/4) D:15        Volcano (visited)
Gauntlet (visited)
  Slime: Lair:4-5    Vaults: D:13-14

Altars:
Cheibriados
Fedhas
Hepliaklqana
Nemelex Xobeh
Okawaru
Qazlal
Ru
Uskayaw
Vehumet
Xom

Shops:
D:3 !   D:7 [   D:11 (   Orc:2 (*[!

Annotations:
D:5 1 runed translucent door, Crazy Yiuf
D:10 exclusion: orange crystal statue
D:11 1 runed translucent door, valliere's ghost, journeyman DsNe
D:13 2 exclusions
Lair:4 exclusion: 2 oklob plants
Orc:1 1 runed translucent door, Putud's ghost, journeyman MiFi
Orc:2 1 runed translucent door, SensoryNuts's ghost, journeyman HOFi

#.# .# #.# { ..#
#.####### #..#
##........# #...
##e##.....#
#..###.#.......##
#.$.>))@e......#
###.#)ยง..).<...#
##)โ—‹#............
##(#######.....#
#e)# ...... #.#.#
####. ...#.# ...
... ....# #.#


You could see a deep elf pyromancer and a deep elf zephyrmancer.


Message History

You are too injured to fight recklessly!
You slash the deep elf knight! You hit the deep elf zephyrmancer.
You closely miss the deep elf death mage.
The deep elf pyromancer gestures wildly while chanting.
The deep elf pyromancer blinks!
You block the deep elf zephyrmancer's attack.
You block the deep elf death mage's attack.
You are too injured to fight recklessly!
Unknown command.
You are too injured to fight recklessly!
You are too injured to fight recklessly!
You hit the deep elf knight.
You barely miss the deep elf zephyrmancer.
You slash the deep elf death mage! You slice the deep elf pyromancer!!
The deep elf archer seems less brilliant.
The deep elf knight casts a spell at you.
The lance of force reflects off an invisible shield around you!
The lance of force misses the deep elf knight.
You are too injured to fight recklessly!
Unknown command.
You slice the deep elf zephyrmancer!!
You kill the deep elf zephyrmancer!
Okawaru accepts your kill.
You slash the deep elf death mage! You slash the deep elf pyromancer!
You hit the deep elf knight but do no damage.
You are too injured to fight recklessly!
You block the deep elf knight's attack.
The deep elf pyromancer hits you but does no damage.
The deep elf pyromancer mumbles some strange words.
The deep elf pyromancer blinks!
You block the deep elf knight's attack.
Things that are here:
a +0 long sword; a +3 leather armour You are too injured to fight recklessly! ๐Ÿ˜จ HP[+1] Unknown command.
You are too injured to fight recklessly!
You are too injured to fight recklessly!
Unknown command.
You hit the deep elf knight but do no damage.
You slash the deep elf death mage!
You closely miss the deep elf pyromancer.
You slash the deep elf zephyrmancer!
You are too injured to fight recklessly!
Unknown command.
You are too injured to fight recklessly!
You slash the deep elf death mage!
You hit the deep elf zephyrmancer but do no damage.
You slice the deep elf pyromancer!!
You kill the deep elf pyromancer!
Okawaru accepts your kill.
You slice the deep elf knight!!
You kill the deep elf knight!
Okawaru accepts your kill.
The deep elf zephyrmancer mumbles some strange words.
The deep elf zephyrmancer blinks!
The deep elf death mage casts a spell at you.
The bolt of negative energy hits you!!
You feel drained.
* * * LOW HITPOINT WARNING * * *
๐Ÿ˜ฑ HP[-19]
You now have 162 max hp (-4).
You take 19 damage, and now have 25/162 hp.
You are too injured to fight recklessly!
You completely miss the fire elemental.
You closely miss the deep elf death mage.
You slice the deep elf zephyrmancer!!
Unknown command.
You slice the deep elf death mage!!
You kill the deep elf death mage!
Okawaru accepts your kill.
You slash the deep elf zephyrmancer! You slash the fire elemental!
Your base Shields skill increases to level 10!
You now have 163 max hp (+1).
Unknown command.
You completely miss the deep elf zephyrmancer.
You hit the fire elemental. You block the fire elemental's attack.
Unknown command.
You barely miss the deep elf zephyrmancer.
You slash the fire elemental!
You feel like a meek peon again.
You block the deep elf zephyrmancer's attack.
The deep elf archer is engulfed in blazing flames.
The deep elf archer shoots an arrow.
The arrow hits you but does no damage.
Unknown command.
You slash the deep elf zephyrmancer!
You kill the deep elf zephyrmancer!
Okawaru accepts your kill.
You hit the fire elemental.
You destroy the fire elemental!
The fire elemental disappears in a puff of smoke!
Unknown command. ๐Ÿ˜ฑ HP[+1]
You now have 164 max hp (+1).
The deep elf archer is engulfed in blazing flames.
The deep elf archer shoots an arrow.
The arrow hits you but does no damage.
Items here: )) ? [ โ€ .
Unknown command.
The deep elf zephyrmancer points at you and mumbles some strange words.
The bolt of lightning hits you!!!
You die...

Skill      XL: |  1  2  3  4  5  6  7  8  9 10 11 12 13 14 15 16 17 18 19 |
---------------+----------------------------------------------------------+-----
Axes           | 3 4 5 6 9 12 14 15 16 17 18 | 18.0
Fighting       | 3 4 5 7 9 11 13 15 16 | 16.8
Invocations    | 4 6 8 10 12 | 12.0
Armour         | 2 6 10 13 14 16 18 | 18.0
Shields        | 4 7 10 | 10.0
Throwing       | 5 9 10 | 10.0
Dodging        | |  2.9

Action                   |  1- 3 |  4- 6 |  7- 9 | 10-12 | 13-15 | 16-18 | 19-21 || total
-------------------------+-------+-------+-------+-------+-------+-------+-------++-------
Melee: War axe           |   122 |   134 |   261 |   424 |     2 |       |       ||   943
       Punch             |     3 |     3 |     3 |    13 |    10 |       |       ||    32
       Broad axe         |       |       |       |       |   989 |  1167 |   294 ||  2450
       Battleaxe         |       |       |       |       |       |    41 |       ||    41
       Executioner's axe |       |       |       |       |       |    23 |       ||    23
Throw: Javelin           |       |       |       |       |     5 |     8 |       ||    13
Invok: Heroism           |       |       |     5 |    17 |    25 |    16 |     5 ||    68
       Finesse           |       |       |       |       |     7 |    12 |     4 ||    23
  Use: Scroll            |     6 |     9 |     2 |     6 |     7 |     6 |     2 ||    38
       Potion            |     7 |       |     5 |     5 |     9 |     2 |       ||    28
 Stab: Sleeping          |     2 |     1 |       |       |       |       |       ||     3
       Petrifying        |       |       |       |     1 |     2 |       |       ||     3
       Petrified         |       |       |       |       |    16 |       |       ||    16
Armor: Leather armour    |    44 |    43 |       |       |       |       |       ||    87
       Chain mail        |       |    24 |   155 |   252 |   323 |       |       ||   754
       Skin              |       |       |     7 |       |     3 |       |       ||    10
       Crystal plate arm |       |       |       |       |   121 |   972 |   150 ||  1243
Dodge: Dodged            |   104 |    83 |   119 |   191 |   279 |   253 |    60 ||  1089
Block: Other             |    19 |    34 |    35 |    51 |    33 |    11 |       ||   183
       Orb               |       |       |       |    10 |       |       |       ||    10
       Buckler           |       |       |       |       |   318 |   339 |       ||   657
       Kite shield       |       |       |       |       |       |   376 |   199 ||   575
       Reflection        |       |       |       |       |       |     2 |    16 ||    18

Levels and vault maps discovered:
D:1:      dpeg_arrival_rooms_b, layout_basic, shapermc_ecumenical_altar_gd
D:2:      wad_lake_hut, layout_basic, basic_altar, dreamdust_princess_corridor
D:3:      minmay_wonky_spiral, layout_loops_ring, serial_shops,
          nicolae_square_shop, nicolae_hexahallways,
          minmay_randomly_rotated_circles, uniq_robin, uniq_natasha,
          uniq_grinder
D:4:      layout_basic, serial_forest, infiniplex_forest_straight_2,
          infiniplex_forest_clump_medium, infiniplex_forest_clump_double,
          infiniplex_forest_lined_room_, infiniplex_forest_end_3,
          infiniplex_forest_clump_medium, infiniplex_forest_lined_1
D:5:      layout_basic, nicolae_ru_path_of_blood, kennysheep_generic_room_6,
          uniq_crazy_yiuf_cottage, uniq_eustachio
D:6:      layout_basic, minmay_temple_entry_mini_moons, uniq_duvessa,
          uniq_menkaure, uniq_maggie
D:7:      layout_loops_ring, kennysheep_slug_shrine, serial_co_window_serial,
          co_window_corner_a, co_window_of_opportunity_a,
          co_window_of_opportunity_a, co_window_corner_a, co_window_paths_a,
          co_window_of_opportunity_b, co_window_broadway_c, co_window_2corner,
          co_window_unsneaky_path_d, co_window_4corner_a, co_window_paths_e,
          serial_shops, nicolae_take_the_stairs
D:8:      layout_loops_ring, minivault_12
D:9:      layout_roguey, mainiacjoe_overflow_alcove_2,
          grunt_temple_overflow_open, minmay_lair_entry_grove, orc_0_dummy,
          uniq_erolcha, uniq_maurice, uniq_grum
D:10:     layout_basic, minmay_protected_statue
D:11:     layout_long_grid, hellmonk_ghost_happy_afterlife, serial_shops,
          nicolae_lakefront_shop
D:12:     minmay_angry_zag, layout_loops_ring
D:13:     layout_loops_ring, grunt_vaults_entry_fortified
D:14:     layout_loops_corners, nicolae_qazlal_style_of_elements,
          chequers_arboretum, beargit_hepliaklqana_dungeon_heroes
D:15:     hangedman_depths_entry_civil_slaughter, layout_basic,
          gauntlet_entry_generic, minmay_misc_feat_room, uniq_azrael
Lair:1:   layout_cellular_growth
Lair:2:   layout_long_grid, hellmonk_spider_entry_not_the_bees,
          lemuel_fruit_tree
Lair:3:   layout_regular_city, skrybe_swamp_entry_bodies
Lair:4:   layout_hall_layers, minmay_slime_entry_oklob_enclosed,
          lemuel_fruit_fields, grunt_megastairs_3
Lair:5:   evilmike_catoblepas_cave, layout_long_grid
Swamp:1:  layout_falls_marsh, evilmike_swamp_ruin_rubble_1, swamp_pool5,
          roderic_carrion_pond, uniq_frances
Swamp:2:  layout_falls_marsh, evilmike_swamp_ruin_house_1
Swamp:3:  layout_falls_marsh, evilmike_swamp_ruin_house_6, swamp_pool2,
          nicolae_swamp_well_well_well
Swamp:4:  swamp_pestilence, layout_basic_swamp, swamp_pool1
Spider:1: layout_chambers
Spider:2: layout_spider_delve
Spider:3: cheibrodos_spider_silkery
Spider:4: grunt_spider_rune_circles
Orc:1:    layout_caves, gammafunk_ghost_grave, basic_altar
Orc:2:    grunt_orc_tribal_feast, layout_caves, enter_volcano_1,
          ebering_ghost_xom
Elf:1:    eino_elf_arrival_altar, layout_geoelf_octagon, hangedman_elf_disciples
Elf:2:    elven_hall_of_blades_hangedman_alternative
          [nicolae_vaults_blade_armed_guards], layout_rooms, uniq_nikola

Notes
Turn   | Place    | Note
-------+----------+-------------------------------------------
     0 | D:1      | ytrimaz the Demonspawn Gladiator began the quest for the
                  | Orb.
     0 | D:1      | Reached XP level 1. HP: 16/16 MP: 1/1
     0 | D:1      | magus.rc [v1.9.6]
   148 | D:1      | Reached skill level 3 in Axes
   148 | D:1      | Gained mutation: A meltable shield of frost defends you.
                  | (SH +0) [demonic ancestry]
   148 | D:1      | Reached XP level 2. HP: 11/23 MP: 2/2
   317 | D:1      | Found a faded altar of an unknown god.
  1456 | D:2      | Gained mutation: A meltable icy envelope protects you from
                  | harm. (AC +0) [demonic ancestry]
  1456 | D:2      | Reached XP level 3. HP: 20/28 MP: 3/3
  1652 | D:2      | Found an iron altar of Okawaru.
  1665 | D:2      | Became a worshipper of Warmaster Okawaru
  1828 | D:2      | Identified a scroll of acquirement
  1830 | D:2      | Acquired a manual of Axes
  2487 | D:3      | Reached skill level 3 in Fighting
  2555 | D:3      | Reached skill level 1 in Invocations
  2623 | D:3      | Noticed Grinder
  2640 | D:3      | Killed Grinder
  2641 | D:3      | Reached skill level 4 in Axes
  2641 | D:3      | Reached skill level 4 in Invocations
  2641 | D:3      | Gained mutation: You have a pair of small antennae on your
                  | head. [demonic ancestry]
  2641 | D:3      | Reached XP level 4. HP: 27/37 MP: 2/7
  2641 | D:3      | Gained mutation: You sometimes gain a little power by
                  | taking damage. [demonic ancestry]
  2641 | D:3      | Reached XP level 5. HP: 30/42 MP: 2/8
  2755 | D:3      | Reached XP level 6. HP: 44/48 MP: 7/9
  2972 | D:3      | Noticed Robin
  2979 | D:3      | Killed Robin
  3105 | D:3      | Found Ylam Ray's Distillery.
  3127 | D:3      | Bought a potion of heal wounds for 65 gold pieces
  3137 | D:3      | Noticed Natasha
  3154 | D:3      | Killed Natasha
  3155 | D:3      | Reached skill level 4 in Fighting
  3155 | D:3      | Reached skill level 5 in Axes
  3375 | D:3      | Reached skill level 5 in Invocations
  3543 | D:3      | Noticed Natasha
  3555 | D:3      | Killed Natasha
  3555 | D:3      | Reached * piety under Okawaru
  3693 | D:3      | Identified the +1 chain mail "Uriqonug" {rC+ Str+6}
  3877 | D:4      | You pick up a book of Armaments and begin reading...
  3877 | D:4      | You add the spells Stone Arrow and Lehudib's Crystal Spear
                  | to your library.
  5144 | D:5      | Entered Level 5 of the Dungeon
  5179 | D:5      | Reached skill level 6 in Invocations
  5179 | D:5      | Gained mutation: You sometimes gain power by taking damage.
                  | [demonic ancestry]
  5179 | D:5      | Reached XP level 7. HP: 55/55 MP: 11/11
  5317 | D:5      | Found a runed translucent door.
  5318 | D:5      | Noticed Crazy Yiuf
  5659 | D:5      | Noticed Eustachio
  5677 | D:5      | Killed Eustachio
  5677 | D:5      | Reached ** piety under Okawaru
  5678 | D:5      | Reached skill level 6 in Axes
  5678 | D:5      | Reached skill level 7 in Invocations
  5749 | D:5      | Reached skill level 5 in Fighting
  5936 | D:5      | Found a sacrificial altar of Ru.
  6125 | D:6      | Noticed a wyvern
  6135 | D:6      | Killed a wyvern
  6136 | D:6      | Reached skill level 8 in Invocations
  6136 | D:6      | Gained mutation: You are partially covered in rugged brown
                  | scales. (AC +1, +3% HP) [demonic ancestry]
  6136 | D:6      | Reached XP level 8. HP: 44/63 MP: 10/14
  6264 | D:6      | Reached skill level 7 in Axes
  6451 | D:6      | Noticed Maggie
  6472 | D:6      | HP: 8/65 [Maggie/bolt of fire (24)]
  6475 | D:6      | Killed Maggie
  6476 | D:6      | Reached skill level 6 in Fighting
  6476 | D:6      | Reached skill level 8 in Axes
  6950 | D:6      | Noticed Dowan
  6950 | D:6      | Noticed Duvessa
  6953 | D:6      | Noticed Menkaure
  6958 | D:6      | Killed Dowan
  6962 | D:6      | Reached skill level 7 in Fighting
  6964 | D:6      | Killed Menkaure
  6965 | D:6      | Reached skill level 9 in Axes
  6965 | D:6      | Killed Duvessa
  6965 | D:6      | Reached *** piety under Okawaru
  6966 | D:6      | Gained mutation: You are mostly covered in rugged brown
                  | scales. (AC +2, +5% HP) [demonic ancestry]
  6966 | D:6      | Reached XP level 9. HP: 40/75 MP: 7/15
  7198 | D:6      | Found a staircase to the Ecumenical Temple.
  7304 | D:7      | Found Zuelowecsi's Antique Armour Boutique.
  7652 | D:7      | Reached skill level 10 in Axes
  7659 | D:7      | Reached skill level 8 in Fighting
  7694 | D:7      | Found a snail-covered altar of Cheibriados.
  8548 | D:8      | Reached **** piety under Okawaru
  8549 | D:8      | Reached skill level 11 in Axes
  9027 | D:8      | Noticed a deep elf pyromancer
  9027 | D:8      | Noticed an efreet
  9027 | D:8      | Noticed an efreet
  9027 | D:8      | Noticed a green ugly thing
  9037 | D:8      | Noticed a gargoyle
  9038 | D:8      | Noticed a deep elf pyromancer
  9048 | D:8      | Noticed a gargoyle
  9049 | D:8      | Noticed a four-headed hydra
  9160 | D:9      | Noticed Erolcha
  9179 | D:9      | Killed Erolcha
  9180 | D:9      | Reached skill level 9 in Fighting
  9180 | D:9      | Reached skill level 12 in Axes
  9381 | D:9      | Noticed Grum
  9392 | D:9      | Reached XP level 10. HP: 64/87 MP: 9/16
  9395 | D:9      | Killed Grum
  9703 | D:9      | Found a staircase to the Orcish Mines.
  9715 | D:9      | Reached skill level 10 in Fighting
  9737 | D:9      | Found a sparkling altar of Nemelex Xobeh.
  9852 | D:9      | Found a hide-covered altar of Uskayaw.
  9869 | D:9      | Found a blossoming altar of Fedhas.
  9870 | D:9      | Noticed Maurice
  9871 | D:9      | Paralysed by Maurice for 3 turns
  9878 | D:9      | Killed Maurice
  9878 | D:9      | Reached ***** piety under Okawaru
  9879 | D:9      | Reached skill level 13 in Axes
 10046 | D:9      | Found a staircase to the Lair.
 10069 | D:9      | Reached skill level 11 in Fighting
 10356 | D:9      | Noticed a two-headed ogre
 10359 | D:9      | Killed a two-headed ogre
 10359 | D:9      | Received a gift from Okawaru
 10360 | D:9      | Reached skill level 1 in Armour
 10468 | D:9      | Found the +7 staff of the Meek {protect, meekguard}
 10497 | D:9      | Found a stormy altar of Qazlal.
 10705 | D:9      | Received a gift from Okawaru
 10766 | D:10     | Entered Level 10 of the Dungeon
 10788 | D:10     | Noticed a two-headed ogre
 10797 | D:10     | Reached skill level 14 in Axes
 10797 | D:10     | Reached skill level 2 in Armour
 10797 | D:10     | Gained mutation: You are powered by pain. [demonic
                  | ancestry]
 10797 | D:10     | Reached XP level 11. HP: 71/97 MP: 10/17
 10800 | D:10     | Killed a two-headed ogre
 11093 | D:10     | Noticed an orange crystal statue
 11368 | D:10     | Reached skill level 3 in Armour
 12860 | D:11     | Noticed valliere's ghost (journeyman DsNe)
 12860 | D:11     | Found a runed translucent door.
 12868 | D:11     | Noticed a seven-headed hydra
 12878 | D:11     | Killed a three-headed hydra
 12879 | D:11     | Reached skill level 4 in Armour
 13027 | D:11     | Noticed a two-headed ogre
 13038 | D:11     | Killed a two-headed ogre
 13038 | D:11     | Received a gift from Okawaru
 13190 | D:11     | Noticed a two-headed ogre
 13199 | D:11     | Killed a two-headed ogre
 13335 | D:11     | Found Lerchoce's Weapon Boutique.
 13390 | D:11     | Reached skill level 5 in Armour
 13678 | D:11     | Identified the +3 mace of the Destroying Gods {freeze,
                  | rElec rN+ MP-9}
 14084 | D:12     | You pick up a book of the Spheres and begin reading...
 14084 | D:12     | You add the spells Iskenderun's Battlesphere, Fireball,
                  | Conjure Ball Lightning and Orb of Destruction to your
                  | library.
 14153 | D:12     | Noticed a two-headed ogre
 14158 | D:12     | Killed a two-headed ogre
 14158 | D:12     | Received a gift from Okawaru
 14158 | D:12     | Noticed a seven-headed hydra
 14159 | D:12     | Reached skill level 15 in Axes
 14159 | D:12     | Reached skill level 6 in Armour
 14167 | D:12     | Killed a three-headed hydra
 14424 | D:12     | Noticed a boulder beetle
 14438 | D:12     | Killed a boulder beetle
 14439 | D:12     | Gained mutation: You have a pair of antennae on your head.
                  | [demonic ancestry]
 14439 | D:12     | Reached XP level 12. HP: 90/105 MP: 14/18
 14498 | D:12     | Noticed a four-headed hydra
 14499 | D:12     | Noticed a two-headed ogre
 14504 | D:12     | Killed a one-headed hydra
 14505 | D:12     | Reached skill level 7 in Armour
 14511 | D:12     | Killed a two-headed ogre
 15086 | D:12     | Received a gift from Okawaru
 15205 | D:12     | You pick up a book of Displacement and begin reading...
 15205 | D:12     | You add the spells Lesser Beckoning, Gell's Gravitas and
                  | Teleport Other to your library.
 15376 | D:13     | Reached skill level 8 in Armour
 15381 | D:13     | HP: 12/105 [skeletal warrior/+0 halberd (22)]
 15386 | D:13     | HP: 25/105 [skeletal warrior/+0 halberd (11)]
 15391 | D:13     | Received a gift from Okawaru
 15749 | D:13     | Reached skill level 16 in Axes
 15830 | D:13     | Reached skill level 9 in Armour
 15926 | D:13     | Noticed a vault guard
 16059 | D:13     | Identified the +1 leather armour of Urune {rN+ Int-4 Dex+3}
 16807 | D:14     | Noticed a two-headed ogre
 16807 | D:14     | Noticed a catoblepas
 16819 | D:14     | Killed a two-headed ogre
 16839 | D:14     | Killed a catoblepas
 16840 | D:14     | Reached skill level 10 in Armour
 17256 | D:14     | Noticed a boulder beetle
 17265 | D:14     | Killed a boulder beetle
 17432 | D:14     | Noticed a boulder beetle
 17449 | D:14     | Killed a boulder beetle
 17449 | D:14     | Reached ****** piety under Okawaru
 17843 | D:14     | Found a faded altar of an unknown god.
 17848 | D:14     | Noticed an ogre mage
 17849 | D:14     | Paralysed by a spriggan for 5 turns
 17854 | D:14     | HP: 25/104 [skeletal warrior/+0 broad axe of flaming (3)]
 17862 | D:14     | Received a gift from Okawaru
 17863 | D:14     | Reached XP level 13. HP: 57/110 MP: 10/19
 17865 | D:14     | Reached skill level 11 in Armour
 17958 | D:14     | Found a hazy altar of Hepliaklqana.
 18621 | D:14     | You pick up a book of Burglary and begin reading...
 18621 | D:14     | You add the spells Passwall, Ensorcelled Hibernation and
                  | Swiftness to your library.
 18625 | D:14     | Found a stormy altar of Qazlal.
 19362 | D:15     | Entered Level 15 of the Dungeon
 19445 | D:15     | Found a gate leading to a gauntlet.
 19455 | Gauntlet | Entered a Gauntlet
 19685 | Gauntlet | Found a transporter.
 19685 | Gauntlet | Found a transporter.
 19695 | Gauntlet | Found a transporter.
 19698 | Gauntlet | Noticed a bunyip
 19698 | Gauntlet | a jorogumo changed into a bunyip
 19699 | Gauntlet | Found a transporter.
 19702 | Gauntlet | Found the +8 mithril axe "Arga" {speed, Will+}
 19702 | Gauntlet | a bunyip changed into a wolf spider
 19714 | Gauntlet | Found a transporter.
 19733 | Gauntlet | Found a transporter.
 19737 | Gauntlet | Found a transporter.
 19748 | Gauntlet | Found a transporter.
 19751 | Gauntlet | Found a transporter.
 19761 | Gauntlet | Found a transporter.
 19780 | Gauntlet | Found a transporter.
 19823 | Gauntlet | Found a transporter.
 19945 | Gauntlet | You are cast into the Abyss!
 19945 | Abyss:3  | Found a corrupted altar of Lugonu.
 19945 | Abyss:3  | Cast into level 3 of the Abyss (an apocalypse crab)
 20139 | Abyss:3  | Noticed a tentacled starspawn
 20142 | Abyss:3  | Killed a tentacled starspawn
 20142 | Abyss:3  | Received a gift from Okawaru
 20143 | Abyss:3  | Reached skill level 12 in Armour
 20238 | Abyss:3  | Noticed a starcursed mass
 20254 | Abyss:3  | HP: 24/111 [starcursed mass (6)]
 20369 | Abyss:3  | Noticed a tentacled starspawn
 20400 | Abyss:3  | Noticed a starcursed mass
 20409 | Abyss:3  | HP: 27/111 [large abomination (20)]
 20461 | Abyss:3  | HP: 22/111 [large abomination (14)]
 20537 | Abyss:3  | Noticed a starcursed mass
 20537 | Abyss:3  | HP: 26/111 [sixfirhy (8)]
 20543 | Abyss:3  | Received a gift from Okawaru
 20552 | Abyss:3  | HP: 41/166 [starcursed mass/accursed screaming (6)]
 20557 | Abyss:3  | HP: 37/166 [starcursed mass/accursed screaming (6)]
 20560 | Abyss:3  | HP: 18/166 [starcursed mass/accursed screaming (7)]
 20582 | Abyss:3  | Noticed a brown very ugly thing
 20584 | Abyss:3  | Noticed a brown very ugly thing
 20585 | Abyss:3  | HP: 25/111 [large abomination (4)]
 20587 | Abyss:3  | Noticed a brown very ugly thing
 20593 | Gauntlet | You pass through the gate.
 20593 | Gauntlet | Escaped the Abyss
 20597 | Gauntlet | HP: 22/111 [apocalypse crab/blast of chaos (5)]
 20599 | Gauntlet | Identified the +3 buckler "Yproirix" {Harm} (Okawaru gifted
                  | it to you in a Gauntlet)
 20599 | Gauntlet | Received a gift from Okawaru
 21036 | Gauntlet | Noticed a minotaur
 21046 | Gauntlet | Killed a minotaur
 21092 | Gauntlet | You pick up a book of the Earth and begin reading...
 21092 | Gauntlet | You add the spells Leda's Liquefaction, Lee's Rapid
                  | Deconstruction and Statue Form to your library.
 21326 | D:15     | Reached skill level 17 in Axes
 21667 | D:15     | Noticed Azrael
 21690 | D:15     | Killed Azrael
 21900 | D:15     | Reached skill level 13 in Armour
 21960 | D:15     | Noticed an ettin
 21969 | D:15     | Killed an ettin
 21971 | D:15     | Reached XP level 14. HP: 79/118 MP: 6/20
 21971 | D:15     | Found a staircase to the Depths.
 22490 | Lair:1   | Entered Level 1 of the Lair of Beasts
 22614 | Lair:1   | Identified the +7 long sword "Hydraslayer" {vorpal, rPois
                  | rC+ Str+5 Dex-4}
 22950 | Lair:1   | Identified the +3 flail of Orphakhle {flame, rElec rCorr}
 22983 | Lair:1   | Identified a +0 crystal plate armour
 23561 | Lair:2   | Reached skill level 1 in Shields
 23732 | Lair:2   | Found a hole to the Spider Nest.
 23862 | Lair:2   | You pick up a book of Changes and begin reading...
 23862 | Lair:2   | You add the spells Beastly Appendage, Wereblood and Spider
                  | Form to your library.
 24038 | Lair:2   | Reached skill level 2 in Shields
 24047 | Lair:2   | Received a gift from Okawaru
 24059 | Lair:2   | Reached skill level 3 in Shields
 24664 | Lair:3   | Reached skill level 4 in Shields
 24747 | Lair:3   | Reached skill level 18 in Axes
 24882 | Lair:3   | Found a staircase to the Swamp.
 24889 | Lair:3   | Reached skill level 2 in Throwing
 25103 | Lair:3   | Received a gift from Okawaru
 25324 | Lair:4   | Reached skill level 3 in Throwing
 25706 | Lair:4   | Reached skill level 4 in Throwing
 26224 | Lair:5   | Entered Level 5 of the Lair of Beasts
 26233 | Lair:5   | Reached skill level 14 in Armour
 26533 | Lair:5   | Reached skill level 5 in Throwing
 26643 | Lair:5   | Gained mutation: You have a pair of large antennae on your
                  | head. (SInv) [demonic ancestry]
 26643 | Lair:5   | Reached XP level 15. HP: 106/123 MP: 17/21
 26943 | Lair:5   | Reached skill level 6 in Throwing
 27097 | Lair:5   | Identified the +9 battleaxe of Hiohielo {flame, *Slow rPois
                  | Int+2} (Okawaru gifted it to you on level 5 of the Lair of
                  | Beasts)
 27097 | Lair:5   | Received a gift from Okawaru
 27580 | Lair:5   | Reached skill level 7 in Throwing
 27745 | Lair:5   | Reached skill level 15 in Armour
 28157 | Orc:1    | Entered Level 1 of the Orcish Mines
 28189 | Orc:1    | Paralysed by an orc sorcerer for 4 turns
 28379 | Orc:1    | Found a runed translucent door.
 28387 | Orc:1    | Noticed Putud's ghost (journeyman MiFi)
 28755 | Orc:2    | Entered Level 2 of the Orcish Mines
 28790 | Orc:2    | Identified the +2 pair of gloves of the Heron {MP-9 Dex+8
                  | SInv Stlth+} (Okawaru gifted it to you on level 2 of the
                  | Orcish Mines)
 28790 | Orc:2    | Received a gift from Okawaru
 28901 | Orc:2    | Found a runed translucent door.
 28902 | Orc:2    | Found a shimmering altar of Xom.
 28902 | Orc:2    | Identified the +7 rapier of Honour {chaos, rN+}
 28902 | Orc:2    | Noticed SensoryNuts's ghost (journeyman HOFi)
 28908 | Orc:2    | Found a dark tunnel.
 28918 | Volcano  | Entered a volcano
 29011 | Volcano  | Reached skill level 8 in Throwing
 29674 | Orc:2    | Found Onenynku's Antique Armour Shoppe.
 29674 | Orc:2    | Found Coephy Fesm's Distillery.
 29689 | Orc:2    | Found Kigrumo's Antique Weapon Shoppe.
 29689 | Orc:2    | Found Yfiwnyab's Assorted Antiques.
 29922 | Orc:2    | Bought a potion of mutation for 112 gold pieces
 29922 | Orc:2    | Bought 2 potions of mutation for 224 gold pieces
 29922 | Orc:2    | Bought a potion of might for 56 gold pieces
 29922 | Orc:2    | Bought a potion of haste for 140 gold pieces
 29922 | Orc:2    | Bought a potion of heal wounds for 70 gold pieces
 29927 | Orc:2    | Bought a scorched scale mail for 306 gold pieces
 29927 | Orc:2    | Identified the +0 scale mail "Honom" {rF+ Regen+ Int+2}
                  | (You bought it in a shop on level 2 of the Orcish Mines)
 29965 | Orc:2    | Found a staircase to the Elven Halls.
 30484 | Spider:1 | Entered Level 1 of the Spider Nest
 30664 | Spider:1 | Reached skill level 9 in Throwing
 30840 | Spider:1 | Received a gift from Okawaru
 31105 | Spider:1 | Received a gift from Okawaru
 31110 | Spider:1 | Reached skill level 16 in Armour
 31415 | Spider:1 | Reached XP level 16. HP: 131/131 MP: 22/22
 32437 | Spider:2 | Received a gift from Okawaru
 32710 | Spider:2 | HP: 30/131 [radroach (52)]
 33112 | Spider:2 | Reached skill level 10 in Throwing
 34269 | Spider:3 | Reached skill level 17 in Armour
 34321 | Spider:3 | Identified the +2 chain mail of Lucidity {+Blink rPois}
                  | (Okawaru gifted it to you on level 3 of the Spider Nest)
 34321 | Spider:3 | Received a gift from Okawaru
 35009 | Spider:3 | Reached skill level 18 in Armour
 35755 | Spider:4 | Entered Level 4 of the Spider Nest
 35803 | Spider:4 | Reached skill level 9 in Invocations
 36410 | Spider:4 | Reached skill level 10 in Invocations
 36419 | Spider:4 | Identified the +2 battleaxe of Mixticy {speed, Str+7}
                  | (Okawaru gifted it to you on level 4 of the Spider Nest)
 36419 | Spider:4 | Received a gift from Okawaru
 36424 | Spider:4 | HP: 29/133 [wolf spider simulacrum (24)]
 36762 | Spider:4 | Reached XP level 17. HP: 136/139 MP: 24/24
 36862 | Spider:4 | Reached skill level 12 in Fighting
 36890 | Spider:4 | Reached skill level 11 in Invocations
 36935 | Spider:4 | Reached skill level 12 in Invocations
 36950 | Spider:4 | HP: 35/141 [disintegration (34)]
 37321 | Spider:4 | Got a gossamer rune of Zot
 37328 | Spider:4 | Identified a potion of experience
 37365 | Spider:4 | Reached skill level 13 in Fighting
 37365 | Spider:4 | Reached XP level 18. HP: 151/151 MP: 27/27
 37814 | Swamp:1  | Entered Level 1 of the Swamp
 38304 | Swamp:1  | Received a gift from Okawaru
 38412 | Swamp:1  | Reached skill level 14 in Fighting
 38773 | Swamp:1  | Noticed Frances
 38795 | Swamp:1  | Killed Frances
 39198 | Swamp:2  | HP: 35/153 [alligator (8)]
 39203 | Swamp:2  | HP: 25/153 [alligator (3)]
 39205 | Swamp:2  | HP: 12/153 [alligator (14)]
 39205 | Swamp:2  | HP: 3/153 [constriction (9)]
 39607 | Swamp:2  | Reached skill level 5 in Shields
 39681 | Swamp:2  | Noticed a tentacled monstrosity
 39698 | Swamp:2  | HP: 34/154 [bunyip (24)]
 40203 | Swamp:2  | Killed a tentacled monstrosity
 40685 | Swamp:2  | Acquired a ring of protection from cold
 41190 | Swamp:3  | Reached skill level 6 in Shields
 41432 | Swamp:3  | You pick up a book of Scorching and begin reading...
 41432 | Swamp:3  | You add the spells Scorch and Flame Wave to your library.
 41632 | Swamp:3  | Reached skill level 15 in Fighting
 41999 | Swamp:3  | Received a gift from Okawaru
 42430 | Swamp:3  | Reached skill level 7 in Shields
 42738 | Swamp:4  | Entered Level 4 of the Swamp
 42867 | Swamp:4  | Identified the -1 kite shield "Lahoyxt" {rF+ Int+4}
                  | (Okawaru gifted it to you on level 4 of the Swamp)
 42867 | Swamp:4  | Received a gift from Okawaru
 43320 | Swamp:4  | Reached XP level 19. HP: 86/163 MP: 28/28
 43562 | Swamp:4  | Reached skill level 8 in Shields
 43937 | Swamp:4  | Noticed a bone dragon
 43964 | Swamp:4  | Killed a bone dragon
 43996 | Swamp:4  | Got a decaying rune of Zot
 44246 | Swamp:4  | You add the spells Borgnjor's Revivification, Necromutation
                  | and Death's Door to your library.
 44348 | Swamp:4  | magus.rc [v1.9.6]
 44573 | Elf:1    | Entered Level 1 of the Elven Halls
 44602 | Elf:1    | Found a radiant altar of Vehumet.
 44613 | Elf:1    | Reached skill level 16 in Fighting
 44640 | Elf:1    | HP: 41/164 [burnt (1)]
 45375 | Elf:1    | Reached skill level 9 in Shields
 45471 | Elf:1    | Paralysed by an air elemental for 1 turns
 45474 | Elf:1    | Paralysed by an air elemental for 1 turns
 45961 | Elf:1    | You are cast into the Abyss!
 45961 | Abyss:3  | Cast into level 3 of the Abyss (a deep elf sorcerer)
 45965 | Elf:1    | You pass through the gate.
 45965 | Elf:1    | Escaped the Abyss
 46420 | Elf:2    | Received a gift from Okawaru
 46434 | Elf:2    | HP: 25/161 [deep elf death mage/bolt of negative energy
                  | (19)]
 46437 | Elf:2    | Reached skill level 10 in Shields
 46441 | Elf:2    | Killed from afar by a deep elf zephyrmancer

Vanquished Creatures
  A bone dragon (Swamp:4)
  A tentacled monstrosity (Swamp:2)
  A tentacled starspawn (Abyss:3)
  Frances (Swamp:1)
  2 thorn hunters (Swamp:3)
  A fenstrider witch (Swamp:2)
  7 emperor scorpions
  3 ghost moths (Spider:4)
  A deep elf sorcerer (Elf:1)
  A broodmother (Spider:3)
  4 ghouls (Swamp:3)
  2 eleionomae
  6 bunyips
  Azrael (D:15)
  3 spark wasps
  A deep elf death mage (Elf:2)
  6 entropy weavers
  A minotaur (Gauntlet)
  An ettin (D:15)
  2 shambling mangroves
  A deep elf high priest (Elf:2)
  Erolcha (D:9)
  5 boulder beetles
  6 catoblepae
  5 ghost crabs
  2 radroaches
  A jorogumo (Spider:4)
  3 centaur warriors
  14 hydras
  An ogre mage (D:14)
  9 alligators
  8 two-headed ogres
  8 dancing weapons
  2 tengu warriors
  6 death yaks (Lair:5)
  3 orc high priests (Orc:2)
  A thrashing horror (Abyss:3)
  A wretched star (Abyss:3)
  3 large abominations (Abyss:3)
  A spriggan berserker (Swamp:4)
  5 deep elf knights
  7 pharaoh ants
  A sixfirhy (Abyss:3)
  6 skeletal warriors
  A sun moth (Spider:3)
  2 spriggan druids (Swamp:2)
  9 orb spiders
  10 steelbarb worms
  5 goliath frogs
  A lindwurm (Lair:5)
  2 wizards (Elf:1)
  8 bog bodies
  3 spectral hydras (Swamp:4)
  A deep troll (D:15)
  3 phantasmal warriors (Swamp:4)
  6 deep elf archers
  5 swamp dragons
  2 necromancers (D:15)
  6 orc sorcerers
  A bunyip skeleton (Abyss:3)
  3 ugly things (D:13)
  17 deep elf pyromancers
  13 deep elf zephyrmancers
  7 orc knights
  23 wolf spiders
  8 cyclopes
  4 manticores
  4 moths of wrath
  3 will-o-the-wisps
  Maurice (D:9)
  16 elephants
  6 gargoyles
  Maggie (D:6)
  2 apocalypse crabs (Gauntlet)
  5 black mambas
  6 torpor snails
  An unseen horror (D:12)
  8 cane toads
  8 demonic crawlers
  An efreet (Abyss:3)
  A kobold demonologist (D:13)
  4 swamp worm zombies (Swamp:4)
  A freezing wraith (D:15)
  9 komodo dragons
  2 rime drakes
  2 hydra zombies (Swamp:4)
  4 meliai
  4 polar bears
  11 tyrant leeches
  12 hornets
  22 tarantellas
  A bloated husk (Swamp:4)
  5 harpy skeletons (Volcano)
  Grinder (D:3)
  A troll (shapeshifter) (D:15)
  6 trolls
  A raiju (Abyss:3)
  3 slime creatures (D:15)
  5 dream sheep (Lair:4)
  3 blink frogs (Lair:2)
  3 spectral swamp dragons (Swamp:4)
  5 alligator zombies (Swamp:4)
  3 flying skulls (Volcano)
  15 culicivoras
  A culicivora (shapeshifter) (D:15)
  10 spriggans
  2 air elementals (Elf:1)
  27 jumping spiders
  2 shadows
  A wraith (D:12)
  A ynoxinul (Abyss:3)
  5 basilisks
  Grum (D:9)
  Eustachio (D:5)
  6 wyverns
  77 yaks
  A water elemental (Elf:1)
  17 vampire mosquitoes
  3 fire elementals
  55 redbacks
  Menkaure (D:6)
  A warg (Orc:2)
  19 swamp worms
  2 hell hounds (D:15)
  An acid dragon (D:13)
  16 water moccasins
  Duvessa (D:6)
  4 swamp drakes (Swamp:1)
  18 orc warriors
  An ice beast (D:7)
  A black bear (D:5)
  A black bear (shapeshifter) (D:14)
  8 starcursed masses (Abyss:3)
  5 swamp dragon zombies (Swamp:4)
  2 sky beasts (D:8)
  A small abomination (Abyss:3)
  A boggart (Elf:1)
  10 wolves
  6 ogres
  13 centaurs
  4 phantoms
  3 kobold brigands
  16 bullfrogs
  4 necrophages (Swamp:3)
  3 scorpions
  3 wights (D:7)
  Dowan (D:6)
  12 killer bees
  A troll skeleton (Volcano)
  3 howler monkeys
  2 spriggan skeletons (Volcano)
  2 electric eels (Spider:2)
  3 hounds
  12 orc priests
  8 iguanas
  Natasha (twice) (D:3)
  18 orc wizards
  3 naga skeletons (Volcano)
  Robin (D:3)
  6 adders
  2 swamp drake zombies (Swamp:4)
  2 shadow imps
  An ufetubus (Abyss:3)
  A worm (D:5)
  5 dart slugs
  58 orcs
  11 ball pythons
  10 bats
  5 endoplasms
  3 giant cockroaches
  16 goblins
  10 hobgoblins
  4 jackals (D:1)
  6 quokkas
  15 kobolds
  7 rats
  3 briar patches (Swamp:3)
1060 creatures vanquished.

Vanquished Creatures (collateral kills)
  A ball python (D:1)
1 creature vanquished.

Vanquished Creatures (others)
  A deep elf knight (Elf:2)
  A deep elf zephyrmancer (Elf:1)
  A manticore (D:8)
  8 bloated husks
  2 hornets (Swamp:2)
  2 spriggans (Swamp:2)
  3 phantoms (Swamp:4)
  A briar patch (Swamp:3)
  A bush (Abyss:3)
  9 demonic plants (D:1)
  8 foxfires
  26 fungi
  A lurking horror (Abyss:3)
  35 plants
  2 starspawn tentacles (Abyss:3)
  2 withered plants (D:1)
103 creatures vanquished.

Grand Total: 1164 creatures vanquished

Table legend:
 A = Non-vault XP
 B = Vault XP
 C = Vault XP percentage of total XP
 D = Non-vault monster count
 E = Vault monster count
 F = Vault count percentage of total count
                 A         B        C        D         E       F
            +---------+---------+-------+---------+---------+-------
      Total |  248317 |   99222 |  28.5 |     795 |     268 |  25.2
            +---------+---------+-------+---------+---------+-------
        D:1 |      34 |       0 |   0.0 |      20 |       0 |   0.0
        D:2 |      24 |       0 |   0.0 |      15 |       0 |   0.0
        D:3 |     114 |     372 |  76.5 |      27 |      22 |  44.9
        D:4 |     135 |       0 |   0.0 |      13 |       0 |   0.0
        D:5 |     442 |     210 |  32.2 |      11 |       2 |  15.4
        D:6 |     717 |     812 |  53.1 |      13 |       4 |  23.5
        D:7 |    1233 |       4 |   0.3 |      23 |       1 |   4.2
        D:8 |     474 |       0 |   0.0 |      10 |       0 |   0.0
        D:9 |    2458 |    3896 |  61.3 |      11 |      18 |  62.1
       D:10 |    2256 |       0 |   0.0 |      18 |       0 |   0.0
       D:11 |    4408 |       0 |   0.0 |      19 |       0 |   0.0
       D:12 |    3994 |    4733 |  54.2 |      13 |       8 |  38.1
       D:13 |    6139 |       0 |   0.0 |      13 |       0 |   0.0
       D:14 |   10303 |    1819 |  15.0 |      25 |       3 |  10.7
       D:15 |    5289 |    5866 |  52.6 |      12 |      11 |  47.8
     Lair:1 |    3617 |       0 |   0.0 |      14 |       0 |   0.0
     Lair:2 |    8002 |     618 |   7.2 |      32 |       6 |  15.8
     Lair:3 |    6176 |    1406 |  18.5 |      23 |       2 |   8.0
     Lair:4 |    7059 |       0 |   0.0 |      25 |       0 |   0.0
     Lair:5 |   18296 |   10941 |  37.4 |      55 |      23 |  29.5
    Swamp:1 |   11402 |    2130 |  15.7 |      20 |       5 |  20.0
    Swamp:2 |   15672 |       0 |   0.0 |      33 |       0 |   0.0
    Swamp:3 |   18615 |       0 |   0.0 |      30 |       0 |   0.0
    Swamp:4 |   14263 |   12619 |  46.9 |      27 |      39 |  59.1
   Spider:1 |   13987 |       0 |   0.0 |      41 |       0 |   0.0
   Spider:2 |   17508 |       0 |   0.0 |      50 |       0 |   0.0
   Spider:3 |   15812 |    7928 |  33.4 |      40 |      16 |  28.6
   Spider:4 |   19236 |   17741 |  48.0 |      36 |      32 |  47.1
      Orc:1 |    2198 |       0 |   0.0 |      31 |       0 |   0.0
      Orc:2 |    4489 |    7735 |  63.3 |      35 |      30 |  46.2
      Elf:1 |   15210 |    9770 |  39.1 |      24 |      16 |  40.0
      Elf:2 |    9482 |    2444 |  20.5 |      15 |       4 |  21.1
    Abyss:3 |    9273 |       0 |   0.0 |      21 |       0 |   0.0
    Volcano |       0 |    5839 | 100.0 |       0 |      21 | 100.0
   Gauntlet |       0 |    2339 | 100.0 |       0 |       5 | 100.0
            +---------+---------+-------+---------+---------+-------

Illustrated notes

Table legend:
 A = Kills in this place as a percentage of kills in entire the game.
 B = Kills by you in this place as a percentage of kills by you in the entire game.
 C = Kills by friends in this place as a percentage of kills by friends in the entire game.
 D = Other kills in this place as a percentage of other kills in the entire game.
 E = Experience gained in this place as a percentage of experience gained in the entire game.
 F = Experience gained in this place divided by the number of levels of this place that you have seen.
                   A       B       C       D       E      F
               +-------+-------+-------+-------+-------+----------------------
         Total | 100.0 | 100.0 | 100.0 | 100.0 | 100.0 | 9653.9
       Dungeon |  29.4 |  29.4 | 100.0 |   0.0 |  16.0 | 3715.5
          Lair |  16.9 |  17.0 |   0.0 |   0.0 |  16.1 | 11223.0
         Swamp |  14.5 |  14.3 |   0.0 |  60.0 |  21.5 | 18675.2
   Spider Nest |  20.2 |  20.3 |   0.0 |   0.0 |  26.5 | 23053.0
  Orcish Mines |   9.0 |   9.1 |   0.0 |   0.0 |   4.1 | 7211.0
   Elven Halls |   5.6 |   5.4 |   0.0 |  40.0 |  10.6 | 18453.0
         Abyss |   2.0 |   2.0 |   0.0 |   0.0 |   2.7 | 4636.5
       Volcano |   2.0 |   2.0 |   0.0 |   0.0 |   1.7 | 5839.0
      Gauntlet |   0.5 |   0.5 |   0.0 |   0.0 |   0.7 | 2339.0
               +-------+-------+-------+-------+-------+----------------------

Table legend: (Time is in decaauts)
 A = Elapsed time spent in this place.
 B = Non-inter-level travel time spent in this place.
 C = Inter-level travel time spent in this place.
 D = Time resting spent in this place.
 E = Time spent auto-exploring this place.
 F = Levels seen in this place.
 G = Mean time per level.
                   A        B        C        D        E       F      G
               +--------+--------+--------+--------+--------+-----+--------+
         Total |  45541 |  43043 |   2498 |   3225 |  32865 |  36 | 1265.0 |
       Dungeon |  20925 |  19685 |   1240 |    609 |  16432 |  15 | 1395.0 |
          Lair |   5881 |   5280 |    601 |      3 |   4416 |   5 | 1176.2 |
         Swamp |   6232 |   6082 |    150 |   1415 |   3635 |   4 | 1558.0 |
   Spider Nest |   7055 |   6663 |    392 |    730 |   4824 |   4 | 1763.8 |
  Orcish Mines |   1635 |   1544 |     91 |      0 |   1200 |   2 |  817.5 |
   Elven Halls |   1780 |   1758 |     22 |     57 |   1431 |   2 |  890.0 |
         Abyss |    628 |    628 |      0 |    213 |    230 |   2 |  314.0 |
       Volcano |    430 |    430 |      0 |      0 |    211 |   1 |  430.0 |
      Gauntlet |    973 |    973 |      0 |    197 |    484 |   1 |  973.0 |
               +--------+--------+--------+--------+--------+-----+--------+

Top non-repeatable levels by time:
    D:14: 2588 daAuts
 Swamp:1: 2261 daAuts
Spider:3: 2176 daAuts
Spider:2: 2012 daAuts
     D:9: 2004 daAuts
Spider:1: 1794 daAuts
   Elf:1: 1742 daAuts
  Lair:5: 1725 daAuts
 Swamp:3: 1712 daAuts
    D:12: 1617 daAuts
 Swamp:4: 1614 daAuts
     D:3: 1415 daAuts
    D:15: 1328 daAuts
     D:2: 1301 daAuts
     D:4: 1287 daAuts
